 Dungeon Crawl Stone Soup version 0.23.0 (webtiles) character file.

Game seed: 11251504319923939405

8647 Yuikono the Artisan of Death (level 11, -1/81 HPs)
             Began as a Demonspawn Necromancer on Feb 12, 2019.
             Was a Priest of Kikubaaqudgha.
             Slain by a two-headed ogre
             ... wielding a +0 giant club
              (15 damage)
             ... on level 10 of the Dungeon.
             The game lasted 01:07:09 (15041 turns).

Yuikono the Artisan of Death (DsNe)                Turns: 15041, Time: 01:07:09

Health: -1/81      AC:  6    Str: 10    XL:     11   Next: 12%
Magic:  19/24      EV: 16    Int: 22    God:    Kikubaaqudgha [***...]
Gold:   740        SH:  0    Dex: 16    Spells: 0/29 levels left

rFire    . . .     SeeInvis .   j - +3 short sword (protect)
rCold    . . .     Gourm    .   (no shield)
rNeg     . . .     Faith    .   a - +0 robe
rPois    .         Spirit   .   (helmet restricted)
rElec    .         Reflect  .   w - +0 cloak
rCorr    .         Harm     .   (no gloves)
MR       .....                  (no boots)
Stlth    ++........             (no amulet)
HPRegen  0.23/turn              H - +3 ring of dexterity
MPRegen  0.19/turn              U - +3 ring of intelligence

@: about to teleport
A: horns 2, thin metallic scales 2, demonic guardian 1
a: Receive Corpses, Renounce Religion


You were on level 10 of the Dungeon.
You worshipped Kikubaaqudgha.
Kikubaaqudgha was most pleased with you.
You were not hungry.

You visited 2 branches of the dungeon, and saw 12 of its levels.
You also visited: Ossuary.

You collected 740 gold pieces.

Inventory:

Hand Weapons
 d - a +0 dagger
 j - a +3 short sword of protection (weapon)
 y - a +0 hunting sling
 S - a +0 blowgun
 T - a +2 short sword of draining
Missiles
 e - 177 arrows
 k - 7 javelins (quivered)
 n - 2 tomahawks
 q - 347 stones
 B - 67 bolts
 G - 24 sling bullets
 J - 8 needles of frenzy
 N - 22 poisoned needles
Armour
 a - a +0 robe (worn)
 w - a +0 cloak (worn)
Jewellery
 H - a +3 ring of dexterity (left hand)
 O - an uncursed ring of flight
 U - a +3 ring of intelligence (right hand)
Wands
 p - a wand of random effects (12)
 E - a wand of flame (14)
 L - a wand of polymorph (10)
Scrolls
 b - 9 scrolls of teleportation
 l - 4 scrolls of magic mapping
 m - 10 scrolls of identify
 t - 3 scrolls of random uselessness {unknown}
 u - 3 scrolls of enchant weapon {unknown}
 v - a scroll of immolation {unknown}
 x - a scroll of amnesia {unknown}
 z - 2 scrolls of blinking {unknown}
 A - 8 scrolls of remove curse
 D - 2 scrolls of enchant armour {unknown}
 K - a scroll of noise {unknown}
 R - a scroll of silence {unknown}
Potions
 f - 4 potions of agility
 g - a potion of resistance {unknown}
 h - 2 potions of ambrosia {unknown}
 i - 2 potions of magic {unknown}
 o - 4 potions of lignification
 r - 3 potions of brilliance {unknown}
 s - 6 potions of heal wounds
 C - a potion of berserk rage {unknown}
 F - 4 potions of might
 I - 2 potions of cancellation {unknown}
 M - 2 potions of curing
 P - a potion of flight {unknown}
Comestibles
 c - 20 rations
 Q - a chunk of flesh


   Skills:
 + Level 5.9 Fighting
 + Level 5.8 Dodging
 - Level 1.7 Stealth
 - Level 9.6 Spellcasting
 + Level 4.0 Hexes
 - Level 11.8 Necromancy


You couldn't memorise any spells.
You knew the following spells:

 Your Spells              Type           Power        Failure   Level  Hunger
a - Pain                  Necr           ####         1%          1    None
b - Animate Skeleton      Necr           N/A          1%          1    None
c - Vampiric Draining     Necr           ######....   1%          3    None
d - Animate Dead          Necr           N/A          1%          4    ##.....
e - Regeneration          Chrm/Necr      #####.....   1%          3    None
f - Corpse Rot            Necr           N/A          1%          2    None
g - Sublimation of Blood  Necr           ######....   1%          2    None
h - Confuse               Hex            ####....     3%          3    None
i - Dispel Undead         Necr           ######..     1%          5    ####...
j - Agony                 Necr           ######..     1%          5    ####...

Your spell library contained the following spells:

 Spells                   Type           Power        Failure   Level  Hunger
 Confusing Touch          Hex            ####..       1%          1    None
 Bolt of Draining         Conj/Necr      #####.....   16%         5    ####...
 Borgnjor's Vile Clutch   Necr/Erth      #####.....   16%         5    ####...
 Gell's Gravitas          Tloc           ##........   19%         3    None
 Petrify                  Tmut/Erth      ##......     54%         4    ##.....
 Metabolic Englaciation   Hex/Ice        ###.......   58%         5    ####...
 Yara's Violent Unravell  Hex/Tmut       ###.......   58%         5    ####...
 Simulacrum               Ice/Necr       #####.....   65%         6    ######.


Dungeon Overview and Level Annotations

Branches:
Dungeon (11/15)            Temple (1/1) D:5            Lair (0/6) D:9
    Orc (0/2) D:10

Altars:
Ashenzari
Cheibriados
Dithmenos
Elyvilon
Fedhas
Gozag
Hepliaklqana
Kikubaaqudgha
Makhleb
Nemelex Xobeh
Okawaru
Qazlal
Ru
Sif Muna
Trog
Uskayaw
Vehumet
Wu Jian
Xom
Yredelemnul
Zin
The Shining One
Lugonu

Shops:
D:4 ([[(?   D:7 =

Annotations:
D:5 exclusion: oklob plant


Innate Abilities, Weirdness & Mutations

You have a pair of horns on your head.
You are mostly covered in thin metallic scales. (AC +3)
A weak demonic guardian rushes to your aid.


Message History

You don't know that spell.
Unknown command.
Casting: Agony (safe; 1% risk of failure)
Confirm with . or Enter, or press ? or * to list all spells.
Aiming: Confuse (safe; 3% risk of failure)
Press: ? - help, Shift-Dir - straight line, f/p - two-headed ogre
Aim: a two-headed ogre, wielding two +0 giant clubs (heavily wounded, chance to defeat MR: 39%)
Okay, then.
Okay, then.
Put on which piece of jewellery? (? for menu, Esc to quit)
Okay, then.
Evoke which item? (* to show all) (? for menu, Esc to quit)
Okay, then.
Okay, then.
As you read the scroll of teleportation, it crumbles to dust.
You feel strangely unstable.
The two-headed ogre completely misses you.
The two-headed ogre hits you with a +0 giant club!
You die...
Kikubaaqudgha rasps: "You have failed me!
Welcome... death!"

#########......#
#..............###
#..............##.
#..............##.
#..........######.
#..........# #.
#..........######.
######.O...............
#.....@.....[..........
#...............######.
##...............#### #.
#...................# #.
#...................# ##
#.......###.........####
########....<..#
#.........#...
#..............#
#.........#...
#.######....)..#
#.............


You could see a two-headed ogre.

Vanquished Creatures
  A deep elf mage (D:10)
  A merfolk (D:10)
  A troll (D:10)
  A hippogriff (D:10)
  A vampire (D:11)
  A wyvern (D:9)
  9 yaks
  Grum (D:8)
  5 vampire mosquitoes (D:11)
  2 hungry ghosts
  A swamp drake (D:10)
  A phantom (D:10)
  2 sky beasts
  2 ice beasts
  An orc warrior (D:10)
  A necrophage (D:6)
  A centaur (D:10)
  3 ogres
  4 wolves (D:8)
  2 big kobolds
  3 bullfrogs
  5 water moccasin zombies (Ossuary)
  A water moccasin skeleton (D:6)
  2 scorpions
  10 killer bees (D:9)
  3 howler monkeys (D:9)
  4 crimson imps
  A quasit (D:8)
  A centaur zombie (D:9)
  A centaur skeleton (D:6)
  6 orc priests
  3 bullfrog zombies
  5 jellies
  6 hounds
  2 bullfrog skeletons
  Terence (D:2)
  5 iguanas
  4 orc wizards
  7 worker ants
  A big kobold zombie (Ossuary)
  A hound zombie (D:5)
  2 mummies (Ossuary)
  A hound skeleton (D:5)
  A howler monkey zombie (D:9)
  A worker ant zombie (D:5)
  4 gnolls (D:4)
  8 adders
  A shadow imp (D:5)
  6 adder zombies (Ossuary)
  2 oozes
  2 adder skeletons
  2 worms
  A dart slug (D:2)
  8 leopard geckos
  38 orcs
  5 giant cockroaches
  A gnoll zombie (Ossuary)
  5 goblins
  7 hobgoblins
  4 jackals
  2 quokkas
  2 ball pythons
  5 bats
  6 frilled lizards
  7 hobgoblin zombies (Ossuary)
  10 kobolds
  4 kobold zombies (Ossuary)
  5 orc zombies (Ossuary)
  A quokka skeleton (D:5)
  7 rats
  2 plants (D:5)
263 creatures vanquished.

Vanquished Creatures (collateral kills)
  A komodo dragon (D:9)
  A yak (D:10)
  A human (D:10)
  A hungry ghost (D:8)
  A necrophage (D:10)
  An ice beast (D:9)
  A sky beast (D:10)
  A phantom (D:8)
  2 ogres
  A wyvern zombie (D:8)
  A killer bee (D:9)
  An electric eel (D:11)
  A bullfrog zombie (D:10)
  An orc priest (D:10)
  An orc wizard (D:9)
  A gnoll shaman (D:7)
  A worker ant (D:10)
  A shadow imp (D:10)
  3 orcs
  A kobold (D:8)
  2 quokkas
  A rat (D:3)
26 creatures vanquished.

Vanquished Creatures (others)
  An orc wizard (D:9)
  An orc (D:10)
  4 plants (D:9)
6 creatures vanquished.

Grand Total: 295 creatures vanquished

Notes
Turn   | Place    | Note
-------+----------+-------------------------------------------
     0 | D:1      | Yuikono the Demonspawn Necromancer began the quest for the
                  | Orb.
     0 | D:1      | Reached XP level 1. HP: 13/13 MP: 3/3
   132 | D:1      | Gained mutation: You are partially covered in thin metallic
                  | scales. (AC +2) [demonic ancestry]
   132 | D:1      | Reached XP level 2. HP: 13/19 MP: 5/5
   786 | D:2      | Learned a level 1 spell: Animate Skeleton
   944 | D:2      | Noticed Terence
   986 | D:2      | Killed Terence
   986 | D:2      | Reached skill level 5 in Necromancy
   986 | D:2      | Reached XP level 3. HP: 18/24 MP: 0/7
  1064 | D:2      | Learned a level 3 spell: Vampiric Draining
  1332 | D:2      | Gained mutation: You have a pair of small horns on your
                  | head. [demonic ancestry]
  1332 | D:2      | Reached XP level 4. HP: 25/30 MP: 3/8
  1531 | D:2      | Found a deep blue altar of Sif Muna.
  1817 | D:2      | Found a hazy altar of Hepliaklqana.
  2169 | D:3      | Reached XP level 5. HP: 35/35 MP: 10/10
  2212 | D:3      | Noticed a +0 dagger
  2212 | D:3      | Noticed a +0 hand axe
  2225 | D:3      | Learned a level 4 spell: Animate Dead
  2288 | D:3      | Found a hide-covered altar of Uskayaw.
  2603 | D:3      | Found a glowing golden altar of the Shining One.
  2658 | D:3      | Reached skill level 6 in Necromancy
  3477 | D:4      | Found Lenne's Weapon Shop.
  3483 | D:4      | Reached XP level 6. HP: 41/41 MP: 12/12
  3523 | D:4      | Found Rinid's Magic Scroll Shoppe.
  3571 | D:4      | Found a stormy altar of Qazlal.
  3724 | D:4      | Found Hamuw's Armour Emporium.
  3754 | D:4      | Found a radiant altar of Vehumet.
  4127 | D:4      | Found Ajivif's Antique Armour Shoppe.
  4173 | D:4      | Found Patuhic's Weapon Shoppe.
  4242 | D:5      | Entered Level 5 of the Dungeon
  4261 | D:5      | Reached skill level 7 in Necromancy
  4301 | D:5      | Learned a level 3 spell: Regeneration
  4401 | D:5      | Reached skill level 5 in Spellcasting
  4411 | D:5      | Found a bloodstained altar of Trog.
  4711 | D:5      | Reached XP level 7. HP: 26/46 MP: 7/14
  4982 | D:5      | Found a glowing silver altar of Zin.
  5158 | D:5      | Found a blossoming altar of Fedhas.
  5171 | D:5      | Noticed an oklob plant
  5800 | D:5      | Found a staircase to the Ecumenical Temple.
  6214 | Temple   | Entered the Ecumenical Temple
  7136 | D:5      | Reached skill level 8 in Necromancy
  7523 | D:6      | Gained mutation: You have a pair of horns on your head.
                  | [demonic ancestry]
  7523 | D:6      | Reached XP level 8. HP: 50/50 MP: 17/17
  7899 | D:6      | Reached skill level 9 in Necromancy
  8265 | D:7      | Found a sparkling altar of Nemelex Xobeh.
  8285 | D:7      | Found Legaf Funtut's Jewellery Emporium.
  8774 | D:8      | Found a sand-covered staircase.
  8818 | D:8      | Found an ancient bone altar of Kikubaaqudgha.
  8826 | D:8      | Became a worshipper of Kikubaaqudgha
  8864 | D:8      | Reached skill level 10 in Necromancy
  8909 | Ossuary  | Entered an ossuary
  9036 | Ossuary  | Gained mutation: You are mostly covered in thin metallic
                  | scales. (AC +3) [demonic ancestry]
  9036 | Ossuary  | Reached XP level 9. HP: 57/57 MP: 20/20
  9275 | Ossuary  | Reached * piety under Kikubaaqudgha
  9275 | Ossuary  | Identified Kikubaaqudgha's Collected Works on Stolen Souls
                  | (Kikubaaqudgha gifted it to you in an ossuary)
  9275 | Ossuary  | Received a gift from Kikubaaqudgha
  9330 | Ossuary  | Learned a level 2 spell: Corpse Rot
  9333 | Ossuary  | Learned a level 2 spell: Sublimation of Blood
  9609 | D:8      | Noticed Grum
  9888 | D:8      | Killed Grum
  9926 | D:8      | Reached skill level 11 in Necromancy
 10215 | D:8      | Found a sacrificial altar of Ru.
 10574 | D:9      | Reached ** piety under Kikubaaqudgha
 11149 | D:9      | Found a basalt altar of Yredelemnul.
 11150 | D:9      | Found an opulent altar of Gozag.
 11272 | D:9      | Found a white marble altar of Elyvilon.
 11280 | D:9      | Gained mutation: A weak demonic guardian rushes to your
                  | aid. [demonic ancestry]
 11280 | D:9      | Reached XP level 10. HP: 62/63 MP: 20/23
 11497 | D:9      | Reached skill level 1 in Fighting
 11499 | D:9      | Found a staircase to the Lair.
 11728 | D:10     | Entered Level 10 of the Dungeon
 11728 | D:10     | Noticed a deep elf mage
 12507 | D:10     | Killed a deep elf mage
 12657 | D:10     | Learned a level 3 spell: Confuse
 13011 | D:10     | Reached skill level 1 in Hexes
 13576 | D:10     | Reached *** piety under Kikubaaqudgha
 13576 | D:10     | Identified Kikubaaqudgha's Collected Works on Evil
                  | (Kikubaaqudgha gifted it to you on level 10 of the Dungeon)
 13576 | D:10     | Received a gift from Kikubaaqudgha
 13576 | D:10     | Reached skill level 5 in Dodging
 13579 | D:10     | Reached skill level 5 in Fighting
 13782 | D:10     | Learned a level 5 spell: Dispel Undead
 14231 | D:10     | Found a staircase to the Orcish Mines.
 14309 | D:10     | Reached XP level 11. HP: 49/79 MP: 7/24
 14859 | D:11     | Found the +12 Vampire's Tooth {vamp}
 15035 | D:10     | Learned a level 5 spell: Agony
 15036 | D:11     | Noticed a two-headed ogre
 15041 | D:10     | Slain by a two-headed ogre

Skill      XL: |  1  2  3  4  5  6  7  8  9 10 11 |
---------------+----------------------------------+-----
Necromancy     | 5 6 7 8 10 11 | 11.8
Spellcasting   | 3 4 5 6 7 9 |  9.6
Dodging        | 5 |  5.8
Fighting       | 5 |  5.9
Hexes          | 3 4 |  4.0
Stealth        | |  1.7

Action                   |  1- 3 |  4- 6 |  7- 9 | 10-12 || total
-------------------------+-------+-------+-------+-------++-------
Melee: Dagger            |    14 |       |       |       ||    14
       Short sword       |    42 |   141 |   587 |   127 ||   897
       Headbutt          |       |    18 |    99 |    19 ||   136
Throw: Javelin           |     1 |    12 |    15 |     7 ||    35
 Cast: Pain              |    14 |    49 |    75 |    87 ||   225
       Animate Skeleton  |       |     6 |     7 |     5 ||    18
       Vampiric Draining |       |    10 |    47 |    48 ||   105
       Animate Dead      |       |     4 |     6 |     7 ||    17
       Regeneration      |       |       |     7 |     6 ||    13
       Corpse Rot        |       |       |     1 |     7 ||     8
       Confuse           |       |       |       |     3 ||     3
       Dispel Undead     |       |       |       |    10 ||    10
       Sublimation of Bl |       |       |       |     3 ||     3
       Agony             |       |       |       |     1 ||     1
Invok: Receive Corpses   |       |       |       |     1 ||     1
Evoke: Wand              |       |       |    16 |       ||    16
  Use: Scroll            |       |     3 |     5 |     1 ||     9
       Potion            |       |       |     5 |     1 ||     6
 Stab: Sleeping          |     1 |     2 |     3 |     1 ||     7
       Distracted        |       |       |     1 |     1 ||     2
       Confused          |       |       |       |     1 ||     1
  Eat: Chunk             |     1 |    11 |    23 |    10 ||    45
       Ration            |       |       |     4 |     2 ||     6
Armor: Robe              |    24 |    48 |   258 |    57 ||   387
Dodge: Dodged            |    40 |   106 |   384 |   177 ||   707
